 Seeded DCSS version 0.30-a0-457-g4b7bca3bfa (webtiles) character file.

Game seed: 9653979536821995196 (custom seed)

6736 purpskrrrp the Tainter (level 10, -2/77 HPs)
             Began as a Demonspawn Monk on Dec 14, 2022.
             Was an Initiate of Gozag.
             Slain by an eight-headed hydra (3 damage)
             ... on level 8 of the Dungeon.
             The game lasted 00:22:29 (7949 turns).

purpskrrrp the Tainter (Demonspawn Monk)            Turns: 7949, Time: 00:22:30

Health: -2/77      AC:  5    Str: 16    XL:     10   Next: 75%
Magic:  10/10      EV: 21    Int: 13    God:    Gozag
Gold:   927        SH:  0    Dex: 26    Spells: 9/9 levels left

rFire   . . .      SeeInvis .    k - +10 trident "Isut Mok" {vorpal, Str+4 Stlth+}
rCold   . . .      Faith    .    (no shield)
rNeg    . . .      Spirit   .    s - +2 robe {Will+}
rPois   .          Reflect  .    x - +0 helmet
rElec   .          Harm     .    (no cloak)
rCorr   .          Rampage  .    (no gloves)
Will    +....                    (no boots)
Stlth   +++++.....               y - amulet of regeneration
HPRegen 1.12/turn                o - +4 ring of evasion
MPRegen 0.12/turn                A - +6 ring of dexterity

@: studying 2 skills
A: big brain 1, demonic magic 1, demonic touch 2
a: Renounce Religion, Potion Petition, Call Merchant, Bribe Branch


You were on level 8 of the Dungeon.
You worshipped Gozag.
Gozag was pleased with you.
You visited 2 branches of the dungeon, and saw 9 of its levels.

You collected 927 gold pieces.

Inventory:

Hand Weapons
 a - a +0 falchion
 k - the +10 trident "Isut Mok" (weapon) {vorpal, Str+4 Stlth+}
   (You took it off a goblin on level 2 of the Dungeon)

   It inflicts extra damage upon your enemies.
   Str:       It affects your strength (+4).
   Stlth:     It makes you more stealthy.
 p - a +3 triple sword of protection
 C - the +10 falchion "Tupaib" {elec, rPois rF- rCorr Str+3}
   (You found it on level 7 of the Dungeon)

   It occasionally discharges a powerful burst of electricity upon striking a
   foe.
   Str:       It affects your strength (+3).
   rF:        It makes you vulnerable to fire.
   rPois:     It protects you from poison.
   rCorr:     It protects you from acid and corrosion.
 G - the +12 rapier of the Shimmering Tiger {chaos, Will+ Str+2}
   (You took it off a kobold brigand on level 7 of the Dungeon)

   Each time it hits an enemy it has a different, random effect.
   Str:       It affects your strength (+2).
   Will:      It increases your willpower.
Missiles
 v - 3 throwing nets (quivered)
 F - 2 curare-tipped darts
 H - 16 poisoned darts
Armour
 b - a +0 robe
 s - a +2 robe of willpower (worn)
 x - a +0 helmet (worn)
Jewellery
 o - a +4 ring of evasion (left hand)
 y - an amulet of regeneration (around neck)
 A - a +6 ring of dexterity (right hand)
Wands
 l - a wand of iceblast (8)
 E - a wand of charming (5)
Scrolls
 d - a scroll of teleportation
 e - 2 scrolls of noise
 h - a scroll of magic mapping
 j - 2 scrolls of amnesia
Potions
 c - a potion of ambrosia
 f - a potion of heal wounds
 g - 3 potions of curing {unknown}
 m - 2 potions of degeneration {unknown}
 n - 2 potions of invisibility {unknown}
 q - 2 potions of flight {unknown}
 r - a potion of magic {unknown}
 t - a potion of cancellation
 u - a potion of resistance {unknown}
 z - a potion of haste {unknown}
 B - 2 potions of attraction {unknown}
 D - 2 potions of lignification {unknown}


   Skills:
 + Level 6.7 Fighting
 * Level 8.2(9.4) Short Blades
 + Level 7.3(9.0) Long Blades
 + Level 6.0 Dodging
 + Level 6.2 Stealth
 + Level 5.3 Unarmed Combat
 + Level 8.4 Poison Magic


You had 9 spell levels left.
You didn't know any spells.
Your spell library contained the following spells:

 Spells                   Type           Power      Damage    Failure   Level
 Call Canine Familiar     Summ           0%         N/A       67%         3
 Inner Flame              Hex/Fire       0%         N/A       67%         3
 Kindle Blastsparks       Fire/Tloc/Air  0%         2d10      67%         3
 Ozocubu's Armour         Ice            0%         N/A       67%         3
 Portal Projectile        Hex/Tloc       0%         N/A       67%         3
 Tukima's Dance           Hex            0%         N/A       67%         3
 Anguish                  Hex/Necr       0%         N/A       97%         4
 Flame Wave               Conj/Fire      0%         2d4       97%         4
 Passage of Golubria      Tloc           0%         N/A       97%         4
 Sticky Flame             Conj/Fire      0%         2d3       97%         4
 Blade Hands              Tmut           0%         N/A       100%        5
 Metabolic Englaciation   Hex/Ice        0%         N/A       100%        5
 Yara's Violent Unravell  Hex/Tmut       0%         3d3       100%        5
 Enfeeble                 Hex            0%         N/A       100%        7
 Ignition                 Fire           0%         3d3       100%        8
 Simulacrum               Ice/Necr       Unusable   N/A       N/A         6

Dungeon Overview and Level Annotations

Branches:
Dungeon (8/15)             Temple (1/1) D:6            Lair (0/5) D:8

Altars:
Ashenzari
Cheibriados
Dithmenos
Fedhas
Gozag
Hepliaklqana
Kikubaaqudgha
Makhleb
Nemelex Xobeh
Qazlal
Ru
Sif Muna
Trog
Uskayaw
Vehumet
Wu Jian
Xom
Yredelemnul

Shops:
D:3 *   D:6 [   D:7 =

Annotations:
D:5 2 runed translucent doors, bigduke15's ghost, amateur TrFi
D:8 2 runed translucent doors


Innate Abilities, Weirdness & Mutations

You have an unusually large brain. (Int +2)
Spells you cast may paralyse adjacent enemies.
Your touch may inflict irresistible damage on your foes.


Message History

The eight-headed hydra roars!
You puncture the eight-headed hydra! You punch the eight-headed hydra.
The eight-headed hydra is heavily wounded.
The eight-headed hydra barely misses you.
The eight-headed hydra misses you.
The eight-headed hydra completely misses you.
The eight-headed hydra bites you.
The eight-headed hydra completely misses you.
The eight-headed hydra misses you.
The eight-headed hydra completely misses you.
The eight-headed hydra misses you.
You puncture the eight-headed hydra!
The eight-headed hydra is severely wounded.
The eight-headed hydra misses you.
The eight-headed hydra bites you but does no damage.
The eight-headed hydra bites you! x2
The eight-headed hydra barely misses you.
The eight-headed hydra bites you.
The eight-headed hydra barely misses you.
The eight-headed hydra misses you.
You hit the eight-headed hydra.
Your touch misses the eight-headed hydra.
The eight-headed hydra is severely wounded.
The eight-headed hydra misses you. The eight-headed hydra bites you! x2
The eight-headed hydra bites you but does no damage.
The eight-headed hydra bites you!
* * * LOW HITPOINT WARNING * * *
The eight-headed hydra bites you!
* * * LOW HITPOINT WARNING * * *
The eight-headed hydra bites you.
* * * LOW HITPOINT WARNING * * *
The eight-headed hydra closely misses you.
The eight-headed hydra barely misses you.
The eight-headed hydra misses you.
The eight-headed hydra bites you but does no damage.
The eight-headed hydra barely misses you.
The eight-headed hydra completely misses you.
The eight-headed hydra bites you.
You die...
Your body crumbles into a pile of gold.

........# #####
.......>############### #...#
........##............#####...###
.........'............'.......'>.
........##)...).......#####...#.#
........##............# #..[#.#
#.......##............# #...#.#
#.......##..[..D......## #...#.#
#########.......@......####...#.#
##...)))...........#...#.#
##...#.#.#########..#...#.#
#....#.##.........#.#####.#
#.#.##.##########.#.#......
##...##.# ##......##.#.###.#
#...###.# #.#######..#.# #.#
#...###.####)....##..#.# #.#
#..###...#######.#.....###.#


You could see an eight-headed hydra.

Vanquished Creatures
  2 centaur warriors (D:8)
  A two-headed ogre (D:8)
  A shadow (D:8)
  4 yaks (D:8)
  A wraith (D:8)
  A wyvern (D:7)
  A steam dragon (D:8)
  3 water moccasins
  Duvessa (D:7)
  3 orc warriors
  3 black bears
  3 ice beasts
  A sky beast (D:6)
  3 centaurs
  2 ogres
  5 kobold brigands
  A necrophage (D:5)
  3 bullfrogs
  2 scorpions (D:5)
  3 wights (D:8)
  Dowan (D:7)
  6 howler monkeys
  5 hounds
  4 orc priests
  2 gnoll boudas
  A jelly (D:4)
  2 iguanas (D:4)
  Ijyb (D:3)
  5 orc wizards
  8 adders
  13 gnolls
  A shadow imp (D:5)
  A white imp (D:7)
  2 dart slugs
  26 orcs
  10 ball pythons
  8 endoplasms
  8 giant cockroaches
  15 goblins
  5 hobgoblins
  6 jackals
  5 quokkas
  10 bats
  3 frilled lizards
  21 kobolds
  3 rats (D:3)
216 creatures vanquished.

Vanquished Creatures (others)
  7 fungi (D:5)
  2 plants (D:2)
9 creatures vanquished.

Grand Total: 225 creatures vanquished

Notes
Turn   | Place    | Note
-------+----------+-------------------------------------------
     0 | D:1      | purpskrrrp the Demonspawn Monk began the quest for the Orb.
     0 | D:1      | Reached XP level 1. HP: 18/18 MP: 1/1
   232 | D:1      | Gained mutation: Your touch may inflict minor irresistible
                  | damage on your foes. [demonic ancestry]
   232 | D:1      | Reached XP level 2. HP: 17/24 MP: 2/2
   814 | D:1      | Identified a scroll of acquirement
   814 | D:1      | Acquired a manual of Poison Magic
   825 | D:2      | Reached XP level 3. HP: 25/29 MP: 3/3
   857 | D:2      | Identified the +10 trident "Isut Mok" {vorpal, Str+4
                  | Stlth+}
   868 | D:2      | Reached skill level 1 in Poison Magic
  1306 | D:2      | Gained mutation: Spells you cast may paralyse adjacent
                  | enemies. [demonic ancestry]
  1306 | D:2      | Reached XP level 4. HP: 35/35 MP: 4/4
  1476 | D:2      | Acquired a +1 triple sword of protection
  1500 | D:3      | Found a shimmering altar of Xom.
  1502 | D:3      | Found a shimmering altar of Xom.
  1520 | D:3      | Found a shimmering altar of Xom.
  1521 | D:3      | Found a shimmering altar of Xom.
  1521 | D:3      | Found a shimmering altar of Xom.
  1522 | D:3      | Found a shimmering altar of Xom.
  1534 | D:3      | Found Gepsocir's Assorted Antiques.
  1581 | D:3      | Reached skill level 1 in Unarmed Combat
  1717 | D:3      | Found a stormy altar of Qazlal.
  1868 | D:3      | Reached XP level 5. HP: 40/41 MP: 5/5
  2063 | D:3      | Noticed Ijyb
  2093 | D:3      | Killed Ijyb
  2518 | D:4      | Noticed an ogre
  2529 | D:4      | Killed an ogre
  2530 | D:4      | Gained mutation: Your touch may inflict irresistible damage
                  | on your foes. [demonic ancestry]
  2530 | D:4      | Reached XP level 6. HP: 29/48 MP: 6/6
  2908 | D:4      | Noticed an ice beast
  2915 | D:4      | Killed an ice beast
  2916 | D:4      | Reached XP level 7. HP: 54/54 MP: 7/7
  3308 | D:4      | Found a shimmering blue altar of Sif Muna.
  3369 | D:5      | Entered Level 5 of the Dungeon
  3422 | D:5      | Reached skill level 5 in Long Blades
  3657 | D:5      | Gained mutation: You have an unusually large brain. (Int
                  | +2) [demonic ancestry]
  3657 | D:5      | Reached XP level 8. HP: 53/61 MP: 8/8
  3681 | D:5      | Found a radiant altar of Vehumet.
  3694 | D:5      | Found a hazy altar of Hepliaklqana.
  3734 | D:5      | Reached skill level 5 in Poison Magic
  3848 | D:5      | Found a large runed translucent door.
  3850 | D:5      | Found a large runed translucent door.
  3852 | D:5      | Noticed bigduke15's ghost (amateur TrFi)
  4344 | D:6      | Found Xoniss's Antique Armour Emporium.
  4384 | D:6      | Found a staircase to the Ecumenical Temple.
  4449 | D:6      | Reached skill level 5 in Fighting
  4714 | Temple   | Entered the Ecumenical Temple
  4923 | Temple   | Acquired a manual of Short Blades
  4933 | Temple   | Became a worshipper of Gozag Ym Sagoz the Greedy
  4963 | D:6      | Reached skill level 1 in Short Blades
  5427 | D:7      | Reached XP level 9. HP: 68/68 MP: 9/9
  5579 | D:7      | Found a large runed translucent door.
  5579 | D:7      | Found a large runed translucent door.
  5584 | D:7      | Found a shimmering altar of Xom.
  5798 | D:7      | Found an ancient bone altar of Kikubaaqudgha.
  5800 | D:7      | Found a bloodstained altar of Trog.
  5869 | D:7      | Noticed Dowan
  5869 | D:7      | Noticed Duvessa
  5883 | D:7      | Killed Duvessa
  5884 | D:7      | Reached skill level 5 in Dodging
  5884 | D:7      | Reached skill level 5 in Stealth
  5894 | D:7      | Killed Dowan
  5986 | D:7      | Found Nawa's Jewellery Boutique.
  6038 | D:7      | Identified the +10 falchion "Tupaib" {elec, rPois rF- rCorr
                  | Str+3}
  6428 | D:7      | Identified the +12 rapier of the Shimmering Tiger {chaos,
                  | Will+ Str+2}
  6668 | D:8      | Reached skill level 5 in Short Blades
  6943 | D:8      | Noticed an angel
  7156 | D:8      | Got the Almanac of the Gathered Arsonist
  7675 | D:8      | Reached XP level 10. HP: 65/76 MP: 10/10
  7720 | D:8      | Noticed a two-headed ogre
  7726 | D:8      | Killed a two-headed ogre
  7741 | D:8      | Found a staircase to the Lair.
  7762 | D:8      | Reached skill level 5 in Unarmed Combat
  7853 | D:8      | Found a runed translucent door.
  7856 | D:8      | Found a runed translucent door.
  7856 | D:8      | Noticed a gargoyle
  7878 | D:8      | Noticed a centaur warrior
  7878 | D:8      | Noticed a tengu warrior
  7878 | D:8      | Noticed an eight-headed hydra
  7878 | D:8      | Noticed a centaur warrior
  7878 | D:8      | Noticed a centaur warrior
  7893 | D:8      | Killed a centaur warrior
  7898 | D:8      | Killed a centaur warrior
  7949 | D:8      | HP: 1/77 [eight-headed hydra (4)]
  7949 | D:8      | Slain by an eight-headed hydra

Illustrated notes

Levels and vault maps discovered:
D:1:      lemuel_arrival_lava_pool, layout_basic
D:2:      cheibrodos_old_hovel, layout_loops_ring
D:3:      kennysheep_the_goblin_king, layout_loops_ring, xom_redecorated,
          nicolae_qazlal_general_emergency, serial_shops, shop,
          kennysheep_flooded_box
D:4:      layout_loops_ring, kennysheep_orc_sif_temple,
          hangedman_decor_peaks_small, hex_medium, minmay_strange_pillars,
          st_stairs_7, hangedman_decor_lopped
D:5:      layout_loops_ring, mainiacjoe_overflow_chevrons,
          mainiacjoe_overflow_boulevard, ebering_ghost_disaster_area
D:6:      layout_gridville, minmay_temple_entry_ruins, serial_shops,
          nicolae_shop_behind_doors, minmay_small_thing
D:7:      due_chaos_kobolds, layout_loops_corners,
          chequers_temple_overflow_statue_of_worship, serial_shops, shop,
          uniq_duvessa
D:8:      minmay_the_grid_triangle_9x9_rhombus_thin
          [minmay_the_grid_triangle_9x9_tough_junction,
          minmay_the_grid_triangle_9x9_prize_top_heavy,
          minmay_the_grid_triangle_9x9_impossible_snake,
          minmay_the_grid_triangle_9x9_sprig], layout_basic, elyvilon_altar_5,
          zin_angel
Temple:   chequers_temple_sunken

Skill      XL: |  1  2  3  4  5  6  7  8  9 10 |
---------------+-------------------------------+-----
Stealth        | 2 3 4 5 6 |  6.2
Long Blades    | 3 4 5 6 7 |  7.3
Poison Magic   | 1 2 3 4 6 7 8 |  8.4
Dodging        | 3 4 5 6 |  6.0
Unarmed Combat | 1 2 3 4 5 |  5.3
Fighting       | 4 5 6 |  6.7
Short Blades   | 2 6 8 |  8.2

Action                   |  1- 3 |  4- 6 |  7- 9 | 10-12 || total
-------------------------+-------+-------+-------+-------++-------
Melee: Falchion          |    61 |       |    13 |       ||    74
       Touch             |     9 |       |    11 |     6 ||    26
       Trident           |    20 |       |       |     3 ||    23
       Triple sword      |       |   136 |   183 |       ||   319
       Rapier            |       |       |    71 |    34 ||   105
       Punch             |       |       |     4 |     1 ||     5
Throw: Dart              |       |       |       |    13 ||    13
       Throwing net      |       |       |       |     1 ||     1
Evoke: Wand              |       |       |       |     4 ||     4
  Use: Scroll            |     1 |     8 |     8 |     3 ||    20
       Potion            |     1 |     1 |     2 |     1 ||     5
 Stab: Sleeping          |     5 |     4 |     9 |       ||    18
       Distracted        |       |       |     2 |       ||     2
Armor: Robe              |    15 |    54 |    83 |     6 ||   158
Dodge: Dodged            |    60 |   191 |   313 |    62 ||   626

Table legend: (Time is in decaauts)
 A = Elapsed time spent in this place.
 B = Non-inter-level travel time spent in this place.
 C = Inter-level travel time spent in this place.
 D = Time resting spent in this place.
 E = Time spent auto-exploring this place.
 F = Levels seen in this place.
 G = Mean time per level.
                   A        B        C        D        E       F      G
               +--------+--------+--------+--------+--------+-----+--------+
         Total |   8184 |   7631 |    553 |    522 |   5375 |   9 |  909.3 |
       Dungeon |   7895 |   7353 |    542 |    522 |   5173 |   8 |  986.9 |
        Temple |    289 |    279 |     10 |      0 |    201 |   1 |  289.0 |
               +--------+--------+--------+--------+--------+-----+--------+

Top non-repeatable levels by time:
     D:8: 1288 daAuts
     D:7: 1246 daAuts
     D:3: 1063 daAuts
     D:6: 980 daAuts
     D:4: 912 daAuts
     D:5: 895 daAuts
     D:1: 824 daAuts
     D:2: 684 daAuts
  Temple: 289 daAuts
